 Dungeon Crawl Stone Soup version 0.29.0-5-ge4962eb29e (webtiles) character file.

Game seed: 8669897064298128747

67 Woods the Sneak (level 4, 0/27 HPs)
             Began as an Octopode Hedge Wizard on Aug 30, 2022.
             Was a Plaything of Xom.
             Slain by a goblin
             ... wielding a +0 mace
             ... led by Robin
              (4 damage)
             ... on level 2 of the Dungeon.
             The game lasted 00:04:28 (2265 turns).

Woods the Sneak (Octopode Hedge Wizard)             Turns: 2265, Time: 00:04:29

Health: 0/27       AC:  1    Str:  9    XL:     4   Next: 18%
Magic:  0/9        EV: 13    Int: 18    God:    Xom [..*...]
Gold:   57         SH:  0    Dex: 11    Spells: 6/9 levels left

rFire   + . .      SeeInvis .   a - +0 dagger
rCold   . . .      Faith    .   (no shield)
rNeg    . . .      Spirit   +   b - +0 hat
rPois   .          Reflect  .   f - amulet of guardian spirit
rElec   .          Harm     .   j - ring of protection from fire
rCorr   .          Rampage  .   (no ring)
Will    .....                   (no ring)
Stlth   +++.......              (no ring)
HPRegen 0.09/turn               (no ring)
MPRegen 0.11/turn               (no ring)
                                (no ring)
                                (no ring)

@: no status effects
A: almost no armour, amphibious, 8 rings, camouflage 1, gelatinous body 1,
(nimble swimmer 1), tentacles
a: Renounce Religion


You were on level 2 of the Dungeon.
You worshipped Xom.
You were a toy of Xom.
You visited 1 branch of the dungeon, and saw 2 of its levels.

You collected 57 gold pieces.

Inventory:

Hand Weapons
 a - a +0 dagger (weapon)
Armour
 b - a +0 hat (worn)
Jewellery
 f - an amulet of guardian spirit (around mantle)
 j - a ring of protection from fire (left tentacle)
Scrolls
 d - a scroll of enchant weapon {unknown}
 g - a scroll of blinking {unknown}
 h - a scroll of fog {unknown}
 i - a scroll of immolation {unknown}
Potions
 c - a potion of magic
 e - a potion of cancellation {unknown}


   Skills:
 + Level 2.8 Dodging
 + Level 3.8 Stealth
 + Level 3.4 Spellcasting
 - Level 1.0 Conjurations
 - Level 2.0 Summonings
 - Level 1.0 Translocations


You had 6 spell levels left.
You knew the following spells:

 Your Spells              Type           Power      Damage    Failure   Level
a - Magic Dart            Conj           24%        1d4       11%         1
b - Call Imp              Summ           10%        N/A       11%         2

Your spell library contained the following spells:

 Spells                   Type           Power      Damage    Failure   Level
 Sandblast                Erth           6%         2d5       16%         1
 Slow                     Hex            12%        N/A       16%         1
 Blink                    Tloc           12%        N/A       16%         2
 Passwall                 Tmut/Erth      2%         N/A       24%         2
 Conjure Flame            Conj/Fire      4%         6-21      36%         3
 Stone Arrow              Conj/Erth      8%         3d7       36%         3
 Mephitic Cloud           Conj/Pois/Air  4%         N/A       38%         3


Dungeon Overview and Level Annotations

Branches:
Dungeon (2/15)

Altars:
Xom


Innate Abilities, Weirdness & Mutations

You cannot wear most types of armour.
You are amphibious.
You can wear up to eight rings at the same time.
Your skin changes colour to match your surroundings (Stealth+).
Your rubbery body absorbs attacks. (AC +1, EV +1)
((You are camouflaged when in or above water. (Stealth+)))
You have tentacles for arms and can constrict up to eight enemies at once.


Message History

The goblin is moderately wounded.
You feel sick.
A goblin comes into view. It is wielding a +0 club.
The goblin barely misses you.
You hit the goblin.
You kill the goblin!
You feel sick.
You hit the goblin. Your grab misses the goblin.
The goblin is almost dead.
You feel sick. The goblin hits you with a +0 club.
You hit the goblin.
You kill the goblin!
You feel sick.
A goblin comes into view. It is wielding a +0 dagger.
You hit the goblin. Your grab misses the goblin. You squeeze the goblin.
You kill the goblin!
You feel sick.
You hit the goblin. Your grab misses the goblin.
The goblin is moderately wounded.
You feel sick. The goblin barely misses you.
The goblin hits you with a +0 dagger.
* * * LOW HITPOINT WARNING * * *
You hit the goblin.
You kill the goblin!
You feel sick.
You are no longer poisoned.
The goblin no longer looks unusually strong.
The goblin completely misses you.
You hit the goblin but do no damage. Your grab misses the goblin.
Your squeeze misses the goblin.
The goblin is moderately wounded.
The goblin hits you with a +0 dagger.
* * * LOW HITPOINT WARNING * * *
The goblin misses you.
You hit the goblin. Your grab misses the goblin.
Your squeeze misses the goblin.
The goblin is moderately wounded.
The goblin misses you. The goblin hits you with a +0 mace.
You die... "I guess I need a new plaything now."

#.....# #.# #####...##
#.### ........# #...#
.####...## ###.#
.....<...## ###.####
.##.......# #......##
###.####..###.......#
###.####.......g##..###.##.
.......##.###.##@..(.......
###)##.##.##..##g#..###.##.
#.<.....##.#......#
####.#####.###)#### #..>#
#. #)# #...# #. #.# #...#
.. #.# #...# #.# #...#


You could see 2 goblins.

Vanquished Creatures
  Robin (D:2)
  2 adders (D:2)
  A dart slug (D:1)
  2 bats (D:1)
  3 endoplasms
  2 giant cockroaches (D:1)
  7 goblins
  4 hobgoblins
  3 quokkas
  A ball python (D:2)
  3 frilled lizards (D:1)
  2 kobolds
  3 rats
34 creatures vanquished.

Vanquished Creatures (collateral kills)
  A rat (D:1)
1 creature vanquished.

Grand Total: 35 creatures vanquished

Notes
Turn   | Place    | Note
-------+----------+-------------------------------------------
     0 | D:1      | Woods the Octopode Hedge Wizard began the quest for the
                  | Orb.
     0 | D:1      | Reached XP level 1. HP: 11/11 MP: 4/4
   213 | D:1      | Reached XP level 2. HP: 17/17 MP: 6/6
   578 | D:1      | Found a faded altar of an unknown god.
   592 | D:1      | Prayed at the altar of an unknown god.
   592 | D:1      | Became a worshipper of Xom the Less-Predictable
   754 | D:1      | XOM: silly message
   788 | D:1      | XOM: cloud trail
   886 | D:1      | Learned a level 2 spell: Call Imp
  1217 | D:1      | XOM: silly message
  1221 | D:2      | Noticed Robin
  1587 | D:2      | Reached XP level 3. HP: 21/21 MP: 4/7
  1752 | D:1      | XOM: silly message
  1763 | D:1      | XOM: silly message
  2118 | D:2      | XOM: silly message
  2252 | D:2      | Killed Robin
  2253 | D:2      | Reached XP level 4. HP: 24/27 MP: 3/9
  2265 | D:2      | Slain by a goblin

Illustrated notes

Levels and vault maps discovered:
D:1:      shiori_arrival_elements, layout_basic, ebering_ecumenical_altar_ruins,
          serial_bayou_lagoon_b
D:2:      minmay_spotlight, layout_loops_cross, uniq_crazy_yiuf_cottage,
          uniq_robin

Skill      XL: |  1  2  3 |
---------------+----------+-----
Stealth        | 3 |  3.8
Summonings     | 2 |  2.0
Dodging        | |  2.8
Spellcasting   | |  3.4
Conjurations   | |  1.0
Translocations | |  1.0

Action                   |  1- 3 |  4- 6 || total
-------------------------+-------+-------++-------
Melee: Dagger            |    42 |    12 ||    54
       Constrict         |    15 |       ||    15
       Tentacles         |    12 |     1 ||    13
       Punch             |     1 |       ||     1
 Cast: Magic Dart        |    37 |       ||    37
       Call Imp          |     1 |       ||     1
 Stab: Sleeping          |     4 |       ||     4
Armor: Skin              |     1 |       ||     1
Dodge: Dodged            |    25 |     7 ||    32
